 Dungeon Crawl Stone Soup version 0.21.1-1-g345015f (webtiles) character file.

183 Mirai the Magician (level 5, 0/28 HPs)
             Began as a Deep Elf Conjurer on Apr 1, 2018.
             Slain by a centaur (1 damage)
             ... on level 3 of the Dungeon.
             The game lasted 00:05:14 (2420 turns).

Mirai the Magician (Deep Elf Conjurer)              Turns: 2420, Time: 00:05:15

Health: 0/28       AC:  2    Str:  5    XL:     5   Next: 35%
Magic:  6/17       EV: 13    Int: 21    God:
Gold:   120        SH:  0    Dex: 15    Spells: 8/19 levels left

rFire    . . .     SeeInvis .   d - +0 dagger (curse)
rCold    . . .     Gourm    .   (no shield)
rNeg     . . .     Faith    .   a - +0 robe
rPois    .         Spirit   .   (no helmet)
rElec    .         Reflect  .   (no cloak)
rCorr    .         Harm     .   (no gloves)
MR       .....                  (no boots)
Stlth    ++........             (no amulet)
HPRegen  0.09/turn              (no ring)
MPRegen  0.15/turn              (no ring)

@: no status effects
A: no striking features
a: no special abilities


You were on level 3 of the Dungeon.
You were not hungry.

You visited 1 branch of the dungeon, and saw 3 of its levels.

You collected 120 gold pieces.

Inventory:

Hand Weapons
 d - a cursed +0 dagger (weapon)
 j - a +1 dagger of venom
 m - a +0 dagger of electrocution
 u - a +0 hand axe
Armour
 a - a +0 robe (worn)
 r - a +0 buckler
Jewellery
 g - an uncursed amulet of faith
Scrolls
 f - 3 scrolls of identify {unknown}
 i - a scroll of blinking {unknown}
 p - a scroll of fog {unknown}
 s - a scroll of fear {unknown}
 t - a scroll of amnesia {unknown}
Potions
 e - 2 potions of magic {unknown}
 h - 2 potions of agility {unknown}
 k - 2 potions of heal wounds {unknown}
 n - a potion of haste {unknown}
 o - a potion of ambrosia {unknown}
 q - 2 potions of lignification {unknown}
Books
 b - a book of Conjurations

   Spells                             Type                      Level
   a - Magic Dart                     Conjuration                  1
   b - Searing Ray                    Conjuration                  2
   c - Dazzling Spray                 Conjuration/Hexes            3
   d - Fulminant Prism                Conjuration/Hexes            4
   e - Force Lance                    Conjuration/Translocation    4
   f - Iskenderun's Mystic Blast      Conjuration                  4
Comestibles
 c - 5 rations
 l - 3 chunks of flesh


   Skills:
 - Level 2.4 Dodging
 - Level 2.4 Stealth
 + Level 7.6 Spellcasting
 - Level 4.3 Conjurations


You had 8 spell levels left.
You knew the following spells:

 Your Spells              Type           Power        Failure   Level  Hunger
a - Magic Dart            Conj           ####         1%          1    None
b - Searing Ray           Conj           ####..       1%          2    None
c - Iskenderun's Mystic   Conj           ####....     14%         4    ###....
d - Fulminant Prism       Conj/Hex       ###.......   32%         4    ###....


Dungeon Overview and Level Annotations

Branches:
Dungeon (3/15)

Altars:
Hepliaklqana
Ru
Trog


Message History

The searing ray hits the centaur.
The centaur is moderately wounded.
The centaur hits you!
The searing ray hits the centaur.
The centaur is heavily wounded.
The centaur barely misses you. The centaur hits you!
* * * LOW HITPOINT WARNING * * *
Unknown command.
The searing ray hits the centaur.
The centaur is almost dead.
You finish channeling your searing ray.
The centaur barely misses you.
Casting: Searing Ray
Confirm with . or Enter, or press ? or * to list all spells.
Aiming: Searing Ray
Press: ? - help, Shift-Dir - straight line, f/p - centaur
Aim: a centaur (almost dead)
The searing ray misses the centaur. (Press . to maintain the ray.)
The centaur hits you.
You die...

#.#..# #..............
#.#..####.............
#.##.#.#.........(....
#...#.#......%..⌠.....
####.#.#..............
#..####.............
#..# #..............
####################
#.c@......# #....#
###...##### ##.#.###
#.#(# #.#.... #.#)#
#...... #.#.# ##.....
#.#.# ##.##.# #.#.#
##..##.# #.#.#
#####..###.#
#.#.###.....####.#


You could see a centaur.

Vanquished Creatures
  2 orc priests (D:3)
  6 adders
  4 worms
  2 dart slugs
  3 leopard geckos
  3 orcs (D:3)
  6 bats
  2 giant cockroaches
  3 goblins
  6 hobgoblins
  5 kobolds
  A quokka (D:2)
  5 frilled lizards
  10 rats
58 creatures vanquished.

Notes
Turn   | Place    | Note
-------+----------+-------------------------------------------
     0 | D:1      | Mirai the Deep Elf Conjurer began the quest for the Orb.
     0 | D:1      | Reached XP level 1. HP: 10/10 MP: 6/6
   245 | D:1      | Reached skill level 4 in Spellcasting
   245 | D:1      | Reached XP level 2. HP: 9/15 MP: 0/9
   249 | D:1      | Learned a level 2 spell: Searing Ray
  1009 | D:2      | Reached skill level 5 in Spellcasting
  1009 | D:2      | Reached XP level 3. HP: 19/19 MP: 4/11
  1118 | D:2      | Found a sacrificial altar of Ru.
  1452 | D:2      | Reached XP level 4. HP: 18/24 MP: 7/13
  1453 | D:2      | Reached skill level 6 in Spellcasting
  2002 | D:3      | Learned a level 4 spell: Iskenderun's Mystic Blast
  2007 | D:3      | Learned a level 4 spell: Fulminant Prism
  2020 | D:3      | Found a hazy altar of Hepliaklqana.
  2054 | D:3      | Found a bloodstained altar of Trog.
  2262 | D:3      | Reached skill level 7 in Spellcasting
  2262 | D:3      | Reached XP level 5. HP: 28/28 MP: 10/16
  2413 | D:3      | Noticed a centaur
  2418 | D:3      | HP: 1/28 [centaur (10)]
  2420 | D:3      | Slain by a centaur

Skill      XL: |  1  2  3  4 |
---------------+-------------+-----
Spellcasting   | 4 5 7 |  7.6
Dodging        | |  2.4
Stealth        | |  2.4
Conjurations   | |  4.3

Action                   |  1- 3 |  4- 6 || total
-------------------------+-------+-------++-------
Melee: Dagger            |     4 |     4 ||     8
 Cast: Magic Dart        |    67 |    17 ||    84
       Searing Ray       |     5 |    11 ||    16
  Eat: Chunk             |     1 |     3 ||     4
Armor: Robe              |    12 |       ||    12
Dodge: Dodged            |    19 |    11 ||    30
